 Dungeon Crawl Stone Soup version 0.27-a0-1529-g1e82c303ef (webtiles) character file.

Game seed: 15922256988896577846

221 Sobieck the Chopper (level 5, -1/41 HPs)
             Began as a Deep Dwarf Monk on July 11, 2021.
             Slain by Dowan (2 damage)
             ... on level 4 of the Dungeon.
             The game lasted 00:06:11 (2746 turns).

Sobieck the Chopper (Deep Dwarf Monk)               Turns: 2746, Time: 00:06:12

Health: -1/41      AC:  7    Str: 15      XL:     5   Next: 65%
Magic:  3/3        EV: 12    Int:  6 (7)  God:
Gold:   147        SH:  0    Dex: 16 (17) Spells: 4/4 levels left

rFire    . . .     SeeInvis .   a - +0 demon trident (vamp) {polearm}
rCold    . . .     Faith    .   (no shield)
rNeg     + . .     Spirit   .   c - +1 ring mail
rPois    .         Reflect  .   (no helmet)
rElec    .         Harm     .   i - +0 cloak
rCorr    .         Rampage  .   (no gloves)
Will     .....                  (no boots)
Stlth    +++.......             (no amulet)
HPRegen  0.00/turn              g - ring of positive energy
MPRegen  0.08/turn              (no ring)

@: no status effects
A: damage resistance, heal wounds, sense surroundings 1, no regeneration, thin
skeletal structure 1, dopey 2, frail 1
a: Heal Wounds


You were on level 4 of the Dungeon.
You visited 1 branch of the dungeon, and saw 4 of its levels.

You collected 147 gold pieces.


Innate Abilities, Weirdness & Mutations

You are resistant to damage.
You can heal yourself by infusing magical energy.
You passively map a small area around you.
You do not regenerate.
You have a somewhat thin skeletal structure. (Dex +2, Stealth+)
You are very dopey. (Int -4)
You are frail. (-10% HP)


   Skills:
 - Level 2.6 Fighting
 - Level 6.1(6.5) Axes
 + Level 2.6(4.2) Polearms
 - Level 3.2 Dodging
 - Level 2.4 Stealth


You had 4 spell levels left.
You didn't know any spells.
Your spell library was empty.

Inventory:

Hand Weapons
 a - a +0 vampiric demon trident (weapon) {polearm}
   (You acquired it on level 4 of the Dungeon)
 f - a +0 hunting sling {sling}
   (You found it on level 4 of the Dungeon)
 h - a +4 hand axe {axe}
   (You found it on level 2 of the Dungeon)
 m - a +0 hand axe {axe}
 o - a +0 flail {mace}
   (You took it off an orc on level 3 of the Dungeon)
Missiles
 d - 51 sling bullets
 e - 60 stones (quivered) {throwing}
 k - 43 bolts
Armour
 b - a +0 robe
 c - a +1 ring mail (worn)
   (You found it on level 3 of the Dungeon)
 i - a +0 cloak (worn)
   (You found it on level 4 of the Dungeon)
Jewellery
 g - a ring of positive energy (left hand)
   (You found it on level 1 of the Dungeon)
 l - an amulet of faith {!P}
   (You found it on level 3 of the Dungeon)
Scrolls
 j - a scroll of holy word
 p - a scroll of noise {unknown}
Potions
 n - a potion of curing {@q1}

Dungeon Overview and Level Annotations

Branches:
Dungeon (4/15)
 Temple: D:4-7

Altars:
Hepliaklqana
Nemelex Xobeh
The Shining One

Shops:
D:2 :

Annotations:
D:4 Dowan, Duvessa, Pikel

,, ,... ,
...#.#######+##
* , ,
..........>....
* ,
...............
* ,
...............
...............
, #............
, *
*###............
, ,
......e@e......
,,,
*...............
,
...............
*** ,..,
...............
###...
...............
......
...............
......
...............
.###..
....###########
* #....


You could see Duvessa and Dowan.


Message History

Unknown command.
There is a stone staircase leading down, spattered with blood here.
Done exploring.
You climb downwards.
Level annotation: Dowan, Duvessa, Pikel Duvessa misses you.
Duvessa says, "Where magic fails, the sword succeeds!"
Duvessa hits you with a +2 short sword of speed!
* * * LOW HITPOINT WARNING * * *
There is a stone staircase leading up, spattered with blood here. 😨 HP[-6]
You take 6 damage, and now have 17/41 hp.
You fail to use your ability.
Duvessa completely misses you. Duvessa hits you but does no damage.
Duvessa closely misses you.
You climb upwards.
There is a stone staircase leading down, spattered with blood here.
You fail to use your ability.
You feel much better. 😕 HP[+23]
You regained 23 hp, and now have 40/41 hp.
You climb downwards.
Level annotation: Dowan, Duvessa, Pikel Duvessa hits you with a +2 short sword of speed.
Duvessa closely misses you.
There is a stone staircase leading up, spattered with blood here.
You hit Duvessa.
You feel better.
Duvessa hits you with a +2 short sword of speed!
Dowan casts a spell.
Dowan blinks!
Duvessa hits you with a +2 short sword of speed. 😕 HP[-4]
You take 4 damage, and now have 36/41 hp.
You puncture Duvessa! Duvessa barely misses you. Duvessa closely misses you.
Dowan mumbles some strange words.
Dowan blinks!
You hit Duvessa but do no damage. Duvessa barely misses you.
You completely miss Duvessa.
Duvessa hits you with a +2 short sword of speed.
Duvessa gestures with her weapon.
Duvessa hits you with a +2 short sword of speed!
Dowan says, "Magic and the sword, together, will defeat you." 😮 HP[-8]
You take 8 damage, and now have 28/41 hp.
You hit Duvessa but do no damage.
Duvessa hits you with a +2 short sword of speed.
Dowan hits you with a +0 dagger. 😮 HP[-5]
You take 5 damage, and now have 23/41 hp.
You puncture Duvessa!
You feel better. Duvessa barely misses you.
Duvessa hits you with a +2 short sword of speed!
Dowan gestures wildly while chanting.
Dowan blinks! 😮 HP[-2]
You take 2 damage, and now have 21/41 hp.
You hit Duvessa but do no damage.
Duvessa hits you with a +2 short sword of speed!
* * * LOW HITPOINT WARNING * * *
Dowan casts a spell at you. The puff of frost misses you.
The puff of frost hits Duvessa.
Duvessa hits you with a +2 short sword of speed.
* * * LOW HITPOINT WARNING * * *
😨 HP[-9]
You take 9 damage, and now have 12/41 hp.
MASSIVE DAMAGE!! (PAUSE)
You hit Duvessa but do no damage.
Duvessa hits you with a +2 short sword of speed.
* * * LOW HITPOINT WARNING * * *
😱 HP[-3]
You take 3 damage, and now have 9/41 hp.
You hit Duvessa. Duvessa barely misses you.
Duvessa hits you with a +2 short sword of speed!
* * * LOW HITPOINT WARNING * * *
😱 HP[-8]
You take 8 damage, and now have 1/41 hp.
Unknown command.
You feel much better.
Duvessa hits you with a +2 short sword of speed!
Dowan casts a spell at you. The puff of flame hits you!
* * * LOW HITPOINT WARNING * * *
😨 HP[+13]
You regained 13 hp, and now have 14/41 hp.
You fail to use your ability.
Duvessa hits you with a +2 short sword of speed.
* * * LOW HITPOINT WARNING * * *
Duvessa barely misses you. 😨 HP[-3]
You take 3 damage, and now have 11/41 hp.
You fail to use your ability.
Duvessa hits you with a +2 short sword of speed!
* * * LOW HITPOINT WARNING * * *
Dowan barely misses you. 😱 HP[-7]
You take 7 damage, and now have 4/41 hp.
You fail to use your ability.
Duvessa hits you with a +2 short sword of speed.
* * * LOW HITPOINT WARNING * * *
Dowan hits you with a +0 dagger.
You die...

Skill      XL: |  1  2  3  4  5 |
---------------+----------------+-----
Axes           | 4 5 6 |  6.1
Polearms       | 2 |  2.6
Fighting       | |  2.6
Dodging        | |  3.2
Stealth        | |  2.4

Action                   |  1- 3 |  4- 6 || total
-------------------------+-------+-------++-------
Melee: Hand axe          |    94 |    35 ||   129
       Demon trident     |       |    45 ||    45
Throw: Stone             |    25 |       ||    25
 Abil: Heal Wounds       |     1 |     5 ||     6
  Use: Scroll            |       |     5 ||     5
       Potion            |       |     2 ||     2
 Stab: Sleeping          |     5 |     8 ||    13
Armor: Robe              |    16 |     2 ||    18
       Ring mail         |       |    18 ||    18
Dodge: Dodged            |    53 |    39 ||    92

Levels and vault maps discovered:
D:1:      psy_arrival_radial02, layout_basic
D:2:      layout_basic, serial_shops, nicolae_shop_stone
D:3:      layout_basic, chequers_temple_overflow_statue_of_worship,
          shapermc_ecumenical_altar_hornbeckon
D:4:      cheibrodos_fertilizer, layout_basic, nicolae_qazlal_scattered_showers,
          minmay_bent, uniq_crazy_yiuf_cottage, uniq_duvessa, uniq_pikel,
          uniq_robin

Notes
Turn   | Place    | Note
-------+----------+-------------------------------------------
     0 | D:1      | Sobieck the Deep Dwarf Monk began the quest for the Orb.
     0 | D:1      | Reached XP level 1. HP: 20/20 MP: 1/1
     0 | D:1      | magus.rc [v1.9.6]
   263 | D:1      | Reached XP level 2. HP: 27/27 MP: 2/2
   281 | D:1      | Reached skill level 4 in Axes
  1127 | D:2      | Reached XP level 3. HP: 33/33 MP: 3/3
  1446 | D:2      | Found Nuurinn's Book Shoppe.
  1462 | D:2      | Reached skill level 5 in Axes
  1531 | D:2      | Reached XP level 4. HP: 15/40 MP: 4/4
  1532 | D:2      | Gained mutation: You are frail. (-10% HP) [potion of
                  | mutation]
  1532 | D:2      | Gained mutation: You are dopey. (Int -2) [potion of
                  | mutation]
  1532 | D:2      | Gained mutation: You are very dopey. (Int -4) [potion of
                  | mutation]
  1532 | D:2      | Gained mutation: You have a somewhat thin skeletal
                  | structure. (Dex +2, Stealth+) [potion of mutation]
  2101 | D:4      | Reached skill level 6 in Axes
  2111 | D:4      | Identified a scroll of acquirement
  2111 | D:4      | Acquired a +0 vampiric demon trident
  2215 | D:4      | Killed a lemure
  2224 | D:4      | Noticed a lemure
  2225 | D:4      | Noticed Pikel
  2225 | D:4      | Noticed a lemure
  2225 | D:4      | Noticed a lemure
  2261 | D:3      | Killed a lemure
  2492 | D:3      | Found a sparkling altar of Nemelex Xobeh.
  2495 | D:3      | Found a hazy altar of Hepliaklqana.
  2496 | D:3      | Found a glowing golden altar of the Shining One.
  2505 | D:3      | Reached XP level 5. HP: 33/41 MP: 5/5
  2579 | D:3      | Found a faded altar of an unknown god.
  2710 | D:4      | Noticed Duvessa
  2710 | D:4      | Noticed Dowan
  2710 | D:4      | Noticed an ogre
  2714 | D:3      | HP: 2/41 [ogre (23)]
  2720 | D:3      | Killed an ogre
  2721 | D:3      | Reached skill level 2 in Polearms
  2741 | D:4      | HP: 9/41 [Duvessa (3)]
  2742 | D:4      | HP: 1/41 [Duvessa (8)]
  2746 | D:4      | Slain by Dowan

Vanquished Creatures
  An ogre (D:3)
  A lemure (D:3)
  A hound skeleton (D:4)
  3 gnolls (D:2)
  3 adders
  4 dart slugs
  2 orcs (D:3)
  5 ball pythons
  6 endoplasms
  4 giant cockroaches
  6 goblins
  4 hobgoblins
  4 kobolds
  3 quokkas
  4 bats
  3 frilled lizards
  9 rats
63 creatures vanquished.

Vanquished Creatures (others)
  A lemure (D:4)
  8 toadstools (D:4)
9 creatures vanquished.

Grand Total: 72 creatures vanquished

Table legend:
 A = Non-vault XP
 B = Vault XP
 C = Vault XP percentage of total XP
 D = Non-vault monster count
 E = Vault monster count
 F = Vault count percentage of total count
                 A         B        C        D         E       F
            +---------+---------+-------+---------+---------+-------
      Total |     316 |       0 |   0.0 |      62 |       0 |   0.0
            +---------+---------+-------+---------+---------+-------
        D:1 |      39 |       0 |   0.0 |      23 |       0 |   0.0
        D:2 |      84 |       0 |   0.0 |      19 |       0 |   0.0
        D:3 |     154 |       0 |   0.0 |      15 |       0 |   0.0
        D:4 |      39 |       0 |   0.0 |       5 |       0 |   0.0
            +---------+---------+-------+---------+---------+-------

Illustrated notes

Table legend:
 A = Kills in this place as a percentage of kills in entire the game.
 B = Kills by you in this place as a percentage of kills by you in the entire game.
 C = Kills by friends in this place as a percentage of kills by friends in the entire game.
 D = Other kills in this place as a percentage of other kills in the entire game.
 E = Experience gained in this place as a percentage of experience gained in the entire game.
 F = Experience gained in this place divided by the number of levels of this place that you have seen.
                   A       B       C       D       E      F
               +-------+-------+-------+-------+-------+----------------------
         Total | 100.0 | 100.0 |   N/A |   N/A | 100.0 |  79.0
       Dungeon | 100.0 | 100.0 |   N/A |   N/A | 100.0 |  79.0
               +-------+-------+-------+-------+-------+----------------------

Table legend: (Time is in decaauts)
 A = Elapsed time spent in this place.
 B = Non-inter-level travel time spent in this place.
 C = Inter-level travel time spent in this place.
 D = Time resting spent in this place.
 E = Time spent auto-exploring this place.
 F = Levels seen in this place.
 G = Mean time per level.
                   A        B        C        D        E       F      G
               +--------+--------+--------+--------+--------+-----+--------+
         Total |   2784 |   2518 |    266 |    100 |   1829 |   4 |  696.0 |
       Dungeon |   2784 |   2518 |    266 |    100 |   1829 |   4 |  696.0 |
               +--------+--------+--------+--------+--------+-----+--------+

Top non-repeatable levels by time:
     D:1: 1089 daAuts
     D:2: 877 daAuts
     D:3: 637 daAuts
     D:4: 180 daAuts
